 Dungeon Crawl Stone Soup version 0.28-b1-25-g9875b3fc8c (webtiles) character file.

Game seed: 9714573521251898769

2 tilp the Sneak (level 1, -2/20 HPs)
             Began as a Hill Orc Delver on Feb 6, 2022.
             Slain by a howler monkey (4 damage)
             ... on level 4 of the Dungeon.
             The game lasted 00:01:23 (343 turns).

tilp the Sneak (Hill Orc Delver)                     Turns: 343, Time: 00:01:24

Health: -2/20      AC:  3    Str: 14    XL:     1   Next: 40%
Magic:  1/1        EV: 11    Int: 10    God:
Gold:   27         SH:  0    Dex: 12    Spells: 0/0 levels left

rFire   . . .      SeeInvis .   a - +0 hand axe
rCold   . . .      Faith    .   (no shield)
rNeg    . . .      Spirit   .   b - +0 leather armour
rPois   .          Reflect  .   (no helmet)
rElec   .          Harm     .   (no cloak)
rCorr   .          Rampage  .   (no gloves)
Will    .....                   (no boots)
Stlth   ++........              (no amulet)
HPRegen 0.06/turn               (no ring)
MPRegen 0.07/turn               (no ring)

@: no status effects
A: no striking features
a: no special abilities


You were on level 4 of the Dungeon.
You visited 1 branch of the dungeon, and saw 2 of its levels.

You collected 27 gold pieces.

Inventory:

Hand Weapons
 a - a +0 hand axe (weapon)
Armour
 b - a +0 leather armour (worn)
Wands
 g - a wand of digging (3)
 i - a wand of flame (13)
Scrolls
 c - a scroll of fog
 e - a scroll of fear
 h - a scroll of teleportation {unknown}
Potions
 d - a potion of berserk rage {unknown}
 f - a potion of haste


   Skills:
 + Level 3.7 Fighting
 * Level 3.0 Axes
 - Level 1.5 Dodging
 - Level 4.1 Stealth


You couldn't memorise any spells.
You didn't know any spells.
Your spell library was empty.

Dungeon Overview and Level Annotations

Branches:
Dungeon (5/15)
 Temple: D:4-7

Altars:


Message History

The howler monkey hoots and howls with incredible vigour!
You hear a shout!
You hear an angry hiss.
Found 5 gold pieces.
The jelly jiggles.
Found 14 arrows and a scale mail.
Found a scroll labelled PUN NICRAVOGIKK.
The orc complains repeatedly.
The adder skeleton completely misses you.
The howler monkey hoots and howls with incredible vigour!
You hear a shout!
You hear an angry hiss. x2; You hear a shout! x3
Things that are here:
a +0 club; a goblin corpse As you open the door, it creaks loudly!
The howler monkey hoots and howls with incredible vigour!
You hear a bark!
A ball python comes into view.
The ball python closely misses you. The ball python grabs you.
The ball python constricts you.
There is an open door here.
You escape the ball python's grasp.
The howler monkey hits you.
* * * LOW HITPOINT WARNING * * *
You open the door. The ball python barely misses you.
The ball python grabs you. The ball python constricts you.
* * * LOW HITPOINT WARNING * * *
The howler monkey closely misses you.
You escape the ball python's grasp.
There is an open door here.
You closely miss the howler monkey. The howler monkey hits you.
* * * LOW HITPOINT WARNING * * *
The howler monkey hoots and howls with incredible vigour!
You hear a bark!
You hear an angry hiss.
Unknown command.
Aiming: Throw Flame
Press: ? - help, Shift-Dir - straight line, f - howler monkey
Aim: a howler monkey (catching its breath, 64% to hit)
The puff of flame hits the howler monkey!
The howler monkey is heavily wounded.
The howler monkey hits you.
You die...

#.............#
#+#####.............# ##
#.....#.............#####.#
#.....#.............#.....#
#.....#.............'.....#
#.....#.............#...$.#
#...g.'.......#######.....#
#.....#.......hS....#.....#
#.....#......@#.....#.....#
#.....#.......#.....#.....#
#.....#.......###Z###....##
#.....#.......#....##....#
#.....#.......#....o.....#
#.....#.......#..........#
#.....#.......#..........#
#.....#.......+.......)..#
#.....+ #..........####+


You could see a howler monkey (catching breath) and a ball python.

Vanquished Creatures
  A ball python (D:4)
  A goblin (D:4)
2 creatures vanquished.

Notes
Turn   | Place    | Note
-------+----------+-------------------------------------------
     0 | D:5      | tilp the Hill Orc Delver began the quest for the Orb.
     0 | D:5      | Reached XP level 1. HP: 19/19 MP: 1/1
   182 | D:4      | Noticed a jelly
   308 | D:4      | Noticed a howler monkey
   343 | D:4      | Slain by a howler monkey

Illustrated notes

Levels and vault maps discovered:
D:4:      layout_gridville, old_standard_altar
D:5:      corexii_shack_village, layout_basic, uniq_grinder, uniq_duvessa,
          uniq_sigmund

Skill      XL: |  1 |
---------------+----+-----
Axes           | 3 |  3.0
Fighting       | |  3.7
Dodging        | |  1.5
Stealth        | |  4.1

Action                   || total
-------------------------++-------
Melee: Hand axe          ||     3
Evoke: Wand              ||     1
  Use: Scroll            ||     1
 Stab: Sleeping          ||     1
Armor: Leather armour    ||     1
Dodge: Dodged            ||    14
